 Dungeon Crawl Stone Soup version 0.32-a0-558-g233958a4c4 (webtiles) character file.

Game seed: 1418739849430887004

25307 Filoflow the Acrobat (level 13, -5/90 (91) HPs)
             Began as a Merfolk Gladiator on Mar 1, 2024.
             Was a Priest of Wu Jian.
             Slain by an ettin
             ... wielding a +0 dire flail
              (27 damage)
             ... on level 12 of the Dungeon.
             The game lasted 02:26:23 (14355 turns).

Filoflow the Acrobat (Merfolk Gladiator)           Turns: 14355, Time: 02:26:25

HP:   -5/90 (91)    AC: 15    Str: 19    XL:     13   Next: 18%
MP:   13/13         EV: 32    Int: 11    God:    Wu Jian [***...]
Gold: 961           SH:  0    Dex: 24    Spells: 6/12 levels left

rFire   + . .        V - +5 halberd (freeze) {Frostslash}
rCold   . . .        (shield currently unavailable)
rNeg    . . .        y - +4 robe of Augmentation {Str+4 Int+4 Dex+4}
rPois   .            Q - +1 hat
rElec   .            M - +1 cloak
rCorr   .            p - +0 pair of gloves
SInv    .            v - +0 pair of boots
Will    .....        h - amulet of the acrobat
Stlth   ++           u - ring of protection from fire
HPRegen 0.35/turn    G - +4 ring of protection
MPRegen 0.13/turn

%: acrobat
@: exhausted, lightly drained, invisible
A: (nimble swimmer 2), mertail
a: Renounce Religion, Wall Jump, Serpent's Lash


You were on level 12 of the Dungeon.
You worshipped Wu Jian.
Wu Jian was most pleased with you.
You visited 2 branches of the dungeon, and saw 13 of its levels.

You collected 961 gold pieces.

Inventory:

Hand Weapons
 a - a +4 sling
 e - a +4 war axe
 j - a +3 halberd {Chokepoint}
 k - a +2 short sword of holy wrath
 q - a +2 long sword
 J - a +2 hand axe of electrocution
 V - a +5 halberd of freezing (weapon) {Frostslash}
 X - a +0 dagger of chaos {Casino del dolor}
Missiles
 g - a curare-tipped dart
 I - a throwing net (quivered)
 O - 8 boomerangs
 T - 15 poisoned darts
Armour
 c - the +3 ring mail of Riyserch {^Contam Will+ rCorr Str+5}
   (You found it on level 9 of the Dungeon)

   Str+5:     It affects your strength (+5).
   Will+:     It increases your willpower.
   ^Contam:   It causes magical contamination when unequipped.
   rCorr:     It protects you from acid and corrosion.
 p - a +0 pair of gloves (worn)
 v - a +0 pair of boots (worn)
 y - the +4 robe of Augmentation (worn) {Str+4 Int+4 Dex+4}
   (You found it on level 3 of the Dungeon)

   Str+4:     It affects your strength (+4).
   Int+4:     It affects your intelligence (+4).
   Dex+4:     It affects your dexterity (+4).
 M - a +1 cloak (worn)
 N - a +0 crystal plate armour
 P - +0 acid dragon scales
 Q - a +1 hat (worn)
 Z - a +2 robe of willpower
Jewellery
 h - an amulet of the acrobat (around neck)
 u - a ring of protection from fire (left hand)
 G - a +4 ring of protection (right hand)
 R - a ring of flight
Wands
 K - a wand of flame (22)
Scrolls
 n - a scroll of torment
 o - a scroll of brand weapon
 r - a scroll of amnesia
 w - a scroll of poison
 C - 2 scrolls of revelation
 S - a scroll of enchant armour
 U - 2 scrolls of immolation
 W - a scroll of vulnerability
Potions
 f - 3 potions of brilliance
 i - a potion of enlightenment
 m - 2 potions of mutation
 s - 2 potions of invisibility
 t - 6 potions of curing
 z - a potion of attraction
 H - a potion of berserk rage


   Skills:
 - Level 5.2 Fighting
 - Level 15.0 Polearms
 - Level 4.5 Throwing
 + Level 22.5 Dodging


You had 6 spell levels left.
You knew the following spells:

 Your Spells              Type           Power      Damage    Failure   Level
a - Foxfire               Conj/Fire      0%         2x1d4     34%         1
b - Call Imp              Summ           0%         N/A       47%         2
c - Summon Small Mammal   Summ           0%         N/A       34%         1
d - Blink                 Tloc           0%         N/A       47%         2

Your spell library contained the following spells:

 Spells                   Type           Power      Damage    Failure   Level
 Magic Dart               Conj           0%         1d3       34%         1
 Ensorcelled Hibernation  Hex/Ice        0%         N/A       47%         2
 Scorch                   Fire           0%         2d5       47%         2
 Call Canine Familiar     Summ           0%         N/A       71%         3
 Dazzling Flash           Conj/Hex       0%         N/A       71%         3
 Gell's Gravitas          Tloc           0%         N/A       71%         3
 Passwall                 Erth           0%         N/A       71%         3
 Swiftness                Air            0%         N/A       71%         3
 Teleport Other           Tloc           0%         N/A       71%         3
 Volatile Blastmotes      Fire/Tloc      0%         2d10      71%         3
 Animate Dead             Necr           0%         N/A       98%         4
 Cause Fear               Hex            0%         N/A       98%         4
 Flame Wave               Conj/Fire      0%         2d4       98%         4
 Fulminant Prism          Conj/Alch      0%         3d5       98%         4
 Iskenderun's Mystic Bla  Conj/Tloc      0%         2d3       98%         4
 Summon Blazeheart Golem  Fire/Summ      0%         N/A       98%         4
 Fireball                 Conj/Fire      0%         3d3       100%        5
 Conjure Ball Lightning   Conj/Air       0%         3x3d6     100%        6
 Dispersal                Tloc           0%         N/A       100%        6
 Plasma Beam              Fire/Air       0%         2x1d10    100%        6
 Starburst                Conj/Fire      0%         6d3       100%        6
 Summon Cactus Giant      Summ           0%         N/A       100%        6
 Haunt                    Necr/Summ      0%         N/A       100%        7
 Discord                  Hex            0%         N/A       100%        8
 Disjunction              Tloc           0%         N/A       100%        8
 Infestation              Necr           0%         N/A       100%        8
 Maxwell's Capacitive Co  Air            0%         ∞         100%        8
 Dragon's Call            Summ           0%         N/A       100%        9


Dungeon Overview and Level Annotations

Branches:
Dungeon (12/15)            Temple (1/1) D:6            Lair (0/5) D:9
    Orc (0/2) D:12

Altars:
Ashenzari
Cheibriados
Dithmenos
Elyvilon
Fedhas
Gozag
Hepliaklqana
Kikubaaqudgha
Makhleb
Nemelex Xobeh
Okawaru
Qazlal
Ru
Sif Muna
Trog
Uskayaw
Vehumet
Wu Jian
Xom
Yredelemnul
Zin
The Shining One

Shops:
D:1 [   D:3 (

Annotations:
D:9 Pile of loot
D:12 exclusion: obsidian statue


Innate Abilities, Weirdness & Mutations

((You are very nimble when in or above water. (Stealth+, EV+, Speed+++)))
Your lower body shifts to a powerful aquatic tail in water.


Message History

You puncture the ettin! You freeze the ettin.
The ettin is moderately wounded.
You hit the ettin but do no damage.
The ettin is moderately wounded.
Okay, then.
You spin and attack the ettin, with incredible momentum.
You hit the ettin. You freeze the ettin.
The ettin is moderately wounded.
Your supernatural speed expires.
You spin and attack the ettin.
You hit the ettin. You freeze the ettin.
The ettin is moderately wounded.
The ettin misses you. The ettin hits you but does no damage.
You feel drained.
You spin and attack the ettin.
You slash the ettin! You freeze the ettin.
The ettin is heavily wounded.
The ettin misses you. x2
You spin and attack the ettin.
You hit the ettin but do no damage.
The ettin is heavily wounded.
The ettin completely misses you. The ettin barely misses you.
You spin and attack the ettin.
You hit the ettin. You freeze the ettin.
The ettin is heavily wounded.
The ettin misses you. The ettin closely misses you.
You spin and attack the ettin.
You hit the ettin but do no damage.
The ettin is heavily wounded.
The ettin hits you with a +0 dire flail!!!
The ettin misses you.
You spin and attack the ettin repeatedly.
You hit the ettin but do no damage.
The ettin is heavily wounded.
You hit the ettin but do no damage.
The ettin is heavily wounded.
The ettin misses you. The ettin completely misses you.
You spin and attack the ettin.
You puncture the ettin! You freeze the ettin.
The ettin is almost dead.
The ettin hits you with a +0 dire flail!!
* * * LOW HITPOINT WARNING * * *
The ettin misses you.
Okay, then.
You fade into invisibility!
The ettin hits you with a +0 dire flail!!
You die...

#[†.##'##..)##÷##...#...........
#...#...#.......##..#...........
#)†.#...#...(...###..÷.........#
#.).#...#[......# ##..........##
##'##...######'## #...##.....##
#...#......(#...###..####...##*
#...#.......'...##..## ###...**
#...#.....C?#...#..## ###..*
#...#########.C@#..## *#..
#.......#.......#...## *#.
#..[....'.......#....## *.
#.......#......?#.....# **
#################.....#
#.........## ##..>......#
#.........## ##.........#


You could see an ettin (unable to see you).

Vanquished Creatures
  A stone giant (D:12)
  A centaur warrior (D:12)
  4 boulder beetles
  6 two-headed ogres
  An orc knight (D:12)
  2 ugly things (D:12)
  A manticore (D:12)
  Maurice (D:6)
  4 cyclopes
  A gargoyle (D:12)
  An unseen horror (D:12)
  A kobold demonologist (D:12)
  3 trolls
  Psyche (D:10)
  A merfolk (shapeshifter) (D:12)
  2 hornets (D:9)
  7 slime creatures (D:12)
  2 shadows
  5 wyverns
  4 wraiths
  2 vampires (D:12)
  A steam dragon (D:9)
  20 yaks
  Menkaure (D:7)
  9 vampire mosquitoes
  4 acid dragons
  2 water moccasins (D:9)
  An ice beast (D:6)
  A sky beast (D:5)
  5 orc warriors
  2 ogres
  9 centaurs
  5 kobold brigands
  2 phantoms
  5 bullfrogs
  2 scorpions
  5 wights
  7 killer bees
  13 howler monkeys
  4 bombardier beetles
  3 jellies
  5 orc priests
  5 hounds
  2 sleepcaps
  An iguana (D:6)
  9 orc wizards
  6 adders
  A shadow imp (D:5)
  2 white imps
  4 ufetubi
  6 dart slugs
  23 orcs
  4 endoplasms
  7 giant cockroaches
  9 hobgoblins
  4 jackals (D:3)
  2 quokkas (D:3)
  5 ball pythons
  4 bats
  6 frilled lizards
  11 goblins
  24 kobolds
  4 rats (D:1)
296 creatures vanquished.

Vanquished Creatures (others)
  A vampire (D:12)
1 creature vanquished.

Grand Total: 297 creatures vanquished

Notes
Turn   | Place    | Note
-------+----------+-------------------------------------------
     0 | D:1      | Filoflow the Merfolk Gladiator began the quest for the Orb.
     0 | D:1      | Reached XP level 1. HP: 16/16 MP: 1/1
    83 | D:1      | Reached XP level 2. HP: 21/23 MP: 2/2
   354 | D:1      | Found Tasips's Antique Armour Emporium.
   416 | D:1      | Reached XP level 3. HP: 21/28 MP: 3/3
   624 | D:1      | Reached skill level 5 in Polearms
  1067 | D:2      | Reached XP level 4. HP: 26/34 MP: 4/4
  1552 | D:3      | Found a faded altar of an unknown god.
  1662 | D:3      | Reached XP level 5. HP: 40/41 MP: 5/5
  1680 | D:3      | Found the +4 robe of Augmentation {Str+4 Int+4 Dex+4}
  1825 | D:3      | Found Ketsan's Weapon Boutique.
  2190 | D:4      | Reached skill level 5 in Dodging
  2490 | D:5      | Entered Level 5 of the Dungeon
  2651 | D:5      | Noticed an ogre
  2665 | D:5      | Killed an ogre
  2666 | D:5      | Reached XP level 6. HP: 15/48 MP: 6/6
  3159 | D:5      | Reached XP level 7. HP: 50/54 MP: 7/7
  3365 | D:5      | Reached skill level 6 in Dodging
  3837 | D:6      | Reached XP level 8. HP: 60/61 MP: 8/8
  3940 | D:6      | Found an ancient bone altar of Kikubaaqudgha.
  4181 | D:6      | Reached skill level 5 in Fighting
  4190 | D:6      | Found a staircase to the Ecumenical Temple.
  4197 | Temple   | Entered the Ecumenical Temple
  4236 | Temple   | Became a worshipper of the Wu Jian Council
  4688 | D:6      | Reached skill level 7 in Dodging
  5080 | D:7      | Noticed a wyvern
  5091 | D:7      | Killed a wyvern
  5347 | D:7      | Noticed a wyvern
  5378 | D:7      | Noticed Maurice
  5385 | D:7      | Maurice stole a +2 hand axe of electrocution
  5429 | D:6      | Killed a wyvern
  5430 | D:6      | Reached skill level 10 in Polearms
  5504 | D:7      | Something stole a blade talisman
  5508 | D:6      | Something stole 34 stones
  5510 | D:6      | Something stole 308 gold
  5674 | D:6      | Maurice stole 7 gold
  5700 | D:6      | Killed Maurice
  5701 | D:6      | Reached skill level 8 in Dodging
  5701 | D:6      | Reached XP level 9. HP: 62/68 MP: 9/9
  5779 | D:7      | Noticed Menkaure
  5786 | D:7      | Killed Menkaure
  6167 | D:7      | Reached skill level 9 in Dodging
  6187 | D:7      | Reached * piety under Wu Jian
  7278 | D:8      | Reached skill level 10 in Dodging
  7579 | D:8      | Reached XP level 10. HP: 74/74 MP: 10/10
  8718 | D:9      | Found a glowing silver altar of Zin.
  8719 | D:9      | Found an iron altar of Okawaru.
  8779 | D:9      | Reached skill level 11 in Dodging
  8782 | D:9      | Reached ** piety under Wu Jian
  8806 | D:9      | Learned a level 2 spell: Blink
  8809 | D:9      | Learned a level 2 spell: Call Imp
  8811 | D:9      | Learned a level 1 spell: Summon Small Mammal
  8874 | D:9      | Reached skill level 15 in Polearms
  8898 | D:9      | Reached skill level 12 in Dodging
  8933 | D:9      | Reached skill level 13 in Dodging
  9071 | D:9      | Identified the +3 ring mail of Riyserch {^Contam Will+
                  | rCorr Str+5}
  9134 | D:9      | Reached XP level 11. HP: 80/80 MP: 11/11
  9304 | D:9      | Noticed a boulder beetle
  9355 | D:9      | Killed a boulder beetle
  9356 | D:9      | Reached skill level 14 in Dodging
  9464 | D:9      | Found a staircase to the Lair.
  9481 | D:9      | Noticed a two-headed ogre
  9504 | D:9      | Killed a two-headed ogre
  9505 | D:9      | Reached skill level 15 in Dodging
  9775 | D:9      | Found a glowing golden altar of the Shining One.
 10072 | D:9      | Found a hide-covered altar of Uskayaw.
 10075 | D:9      | Found a burning altar of Makhleb.
 10610 | D:10     | Entered Level 10 of the Dungeon
 10656 | D:10     | Test note
 10658 | D:10     | ?
 10928 | D:9      | Learned a level 1 spell: Foxfire
 10931 | D:9      | Learned a level 2 spell: Blink
 10975 | D:10     | Noticed Psyche
 11014 | D:10     | Killed Psyche
 11015 | D:10     | Reached skill level 16 in Dodging
 11108 | D:10     | Test note
 11373 | D:10     | Noticed a two-headed ogre
 11383 | D:10     | Killed a two-headed ogre
 11626 | D:11     | Reached skill level 17 in Dodging
 11683 | D:11     | Reached *** piety under Wu Jian
 11868 | D:11     | Noticed a cyclops
 11877 | D:11     | Killed a cyclops
 12064 | D:11     | Reached skill level 18 in Dodging
 12068 | D:11     | Reached XP level 12. HP: 82/86 MP: 12/12
 12770 | D:12     | Found a staircase to the Orcish Mines.
 12826 | D:12     | Reached skill level 19 in Dodging
 12899 | D:12     | Noticed a boulder beetle
 12899 | D:12     | Noticed a two-headed ogre
 12914 | D:12     | Killed a two-headed ogre
 12976 | D:12     | Killed a boulder beetle
 13047 | D:12     | Noticed a two-headed ogre
 13085 | D:12     | Reached skill level 20 in Dodging
 13114 | D:12     | Noticed a centaur warrior
 13128 | D:12     | Killed a centaur warrior
 13260 | D:12     | Killed a two-headed ogre
 13395 | D:12     | Reached **** piety under Wu Jian
 13468 | D:12     | Noticed a two-headed ogre
 13471 | D:12     | Noticed a boulder beetle
 13479 | D:12     | Killed a two-headed ogre
 13480 | D:12     | Reached skill level 21 in Dodging
 13656 | D:11     | Killed a boulder beetle
 13723 | D:12     | Noticed a deep elf knight
 13927 | D:12     | a cyclops changed into a skyshark
 13927 | D:12     | Noticed a skyshark (glowing shapeshifter)
 13928 | D:12     | a skyshark changed into a merfolk
 14219 | D:12     | Noticed a two-headed ogre
 14225 | D:12     | Noticed a boulder beetle
 14228 | D:12     | Reminder: Summons, potions, scrolls and abilities
 14230 | D:12     | Killed a two-headed ogre
 14231 | D:12     | Reached XP level 13. HP: 91/91 MP: 5/13
 14236 | D:12     | Reached skill level 22 in Dodging
 14242 | D:12     | Noticed a stone giant
 14253 | D:12     | Killed a stone giant
 14345 | D:12     | Noticed an ettin
 14355 | D:12     | Slain by an ettin

Illustrated notes .. #...#...#...##.## #.# #...#.#.#.#...# #...##.##...#..>..# #.......#.#.#...# ##.###.##...#...# ...........#.#... #.###.###.##..# ..............## #.# #.###.###@#### ## ##...........# ..........## ......#....###.# ...#. ##.......# ..## #......... #......... ###....... #....... Turn 10656 on D:10: Test note #.# #...#.#.#.#...# #...##.##...#..>..# #.......#.#.#...# ##.###.##...#...# ...........#.#... #.###.###.##..# ..............## #.# #.###.###.#### ## ##......@....# ...........## ......#....###.# ...#. ##.......# ..## #......... #......... ###....... #....... ........ Turn 10658 on D:10:

? ......##.#.......###..
#...##... ......#
.#...##. ###........
....... ..
..##.####..#...#.#.##.
##....
###.............##.## #.
###... .........
#.......# ##. #
#......###.......###..
..##.......#............
........................
.......@#............###
#####................###
#.#.....[..........#
###.................
####..###.........
#####....##....
##..#####.# #### ##


Turn 11108 on D:10: Test note #....,,,#...#...... #....,,,#...#.⌠...⌠
#...,,,,*.C.#.....w ##'#######'##...##' #...)...#..B#..C#.. #.......#...#.⌠.'..
#.......#.h.#...#.. #[..##'##..)##÷##.. #.@.#...#....{..##. #O§.#...#...(...###
#...#...#[......# # ##C##...######C## # *9B.#......,*...*## *Y°.#.......'...##.
*.YV#.....C?#,,,#.. #...#########,,,#.. *,,,,,,,*,,,,,,,#.. Turn 14228 on D:12:
Reminder: Summons, potions, scrolls and abilities

Levels and vault maps discovered:
D:1:      dpeg_arrival_simpleton_a, layout_loops_cross, serial_shops, shop,
          dreamdust_princess_bridge, hex_tiny
D:2:      layout_rooms, minmay_split_cup_small
D:3:      layout_rooms, chequers_ecumenical_altar_simple_redux, serial_shops,
          nicolae_shop_waterfront
D:4:      layout_loops_ring, chequers_serial_rivers_small_a
D:5:      layout_basic, gup_sewer_entry_glass
D:6:      layout_basic, marbit_many_paths, minmay_temple_entry_arrows,
          kennysheep_generic_room_12
D:7:      layout_loops_corners, enter_bailey_5, uniq_maurice, uniq_menkaure
D:8:      layout_cave_pools, hangedman_abyss_or_decor_stabs, minmay_crossroads
D:9:      minmay_imperfect_grid, layout_long_grid,
          nicolae_tso_swordbearing_angel, nicolae_overflow_macrodata_refinement
D:10:     layout_cave_pools, nicolae_concentric_dashed_squares_wild, uniq_psyche
D:11:     layout_long_grid
D:12:     nicolae_aperiodic_l_corner, layout_cave_pods, orc_0_dummy,
          serial_shops, statue_bzr, minmay_lindwurm_lava, uniq_lodul
Temple:   compressed_dpeg_triangle_lava_temple

Skill      XL: |  1  2  3  4  5  6  7  8  9 10 11 12 13 |
---------------+----------------------------------------+-----
Polearms       | 5 6 7 8 11 13 15 | 15.0
Fighting       | 3 4 5 |  5.2
Dodging        | 5 6 8 10 13 18 21 22 | 22.5
Throwing       | 3 4 |  4.5

Action                     |  1- 3 |  4- 6 |  7- 9 | 10-12 | 13-15 || total
---------------------------+-------+-------+-------+-------+-------++-------
  Melee: Trident           |   116 |   139 |   380 |       |       ||   635
         Halberd           |       |       |    24 |   713 |    44 ||   781
  Throw: Stone             |       |     8 |       |       |       ||     8
         Throwing net      |       |     1 |     4 |     2 |       ||     7
         Javelin           |       |     1 |     1 |     3 |       ||     5
         Boomerang         |       |       |       |     6 |       ||     6
         Dart              |       |       |       |     9 |       ||     9
   Cast: Summon Small Mamm |       |       |       |     3 |       ||     3
         Call Imp          |       |       |       |     1 |       ||     1
 Invoke: Serpent's Lash    |       |       |       |     1 |     1 ||     2
Ability: Lunge             |       |       |    23 |    27 |     3 ||    53
         Whirlwind         |       |       |     5 |   234 |    30 ||   269
         Wall Jump         |       |       |       |    11 |       ||    11
    Use: Scroll            |       |       |     9 |    22 |       ||    31
         Potion            |       |       |       |     8 |     1 ||     9
   Stab: Sleeping          |       |     1 |    11 |     5 |       ||    17
         Distracted        |       |       |     2 |     2 |       ||     4
 Armour: Leather armour    |     9 |       |       |       |       ||     9
         Scale mail        |    60 |    34 |       |       |       ||    94
         Robe              |       |    36 |   138 |   177 |    12 ||   363
  Dodge: Dodged            |    63 |   106 |   301 |   573 |    49 ||  1092
         Form:             |       |       |       |     1 |       ||     1
         Serpent           |       |       |       |     1 |       ||     1

Table legend: (Time is in decaauts)
 A = Elapsed time spent in this place.
 B = Non-inter-level travel time spent in this place.
 C = Inter-level travel time spent in this place.
 D = Time resting spent in this place.
 E = Time spent auto-exploring this place.
 F = Levels seen in this place.
 G = Mean time per level.
                   A        B        C        D        E       F      G
               +--------+--------+--------+--------+--------+-----+--------+
         Total |  14187 |  13892 |    295 |   3544 |   4883 |  13 | 1091.3 |
       Dungeon |  14132 |  13844 |    288 |   3544 |   4883 |  12 | 1177.7 |
        Temple |     54 |     47 |      7 |      0 |      0 |   1 |   54.0 |
               +--------+--------+--------+--------+--------+-----+--------+

Top non-repeatable levels by time:
     D:9: 2370 daAuts
     D:7: 1859 daAuts
    D:12: 1676 daAuts
     D:6: 1479 daAuts
     D:5: 1206 daAuts
    D:11: 1067 daAuts
     D:8: 1059 daAuts
    D:10: 925 daAuts
     D:1: 871 daAuts
     D:2: 647 daAuts
     D:4: 560 daAuts
     D:3: 408 daAuts
  Temple: 54 daAuts
